 Dungeon Crawl Stone Soup version 0.30-b1-7-gcb88a99046 (webtiles) character file.

Game seed: 10737375760039299928

6881 JawaBawa the Cleaver (level 10, -2/86 HPs)
             Began as a Minotaur Fighter on May 5, 2023.
             Was a Priest of Nemelex Xobeh.
             Engulfed by a cloud of flame (23 damage)
             ... on level 9 of the Dungeon.
             The game lasted 00:45:44 (7657 turns).

JawaBawa the Cleaver (Minotaur Fighter)             Turns: 7657, Time: 00:45:44

Health: -2/86      AC: 14    Str: 23    XL:     10   Next: 79%
Magic:  13/13      EV:  7    Int:  7    God:    Nemelex Xobeh [***...]
Gold:   574        SH:  5    Dex: 10    Spells: 13/14 levels left

rFire   . . .        a - +0 war axe
rCold   . . .        c - +0 buckler
rNeg    . . .        F - +0 plate armour
rPois   .            (helmet restricted)
rElec   .            (no cloak)
rCorr   .            J - +0 pair of gloves
SInv    .            (no boots)
Will    .....        p - amulet of regeneration Stlth
                     (no ring)
HPRegen 1.14/turn    (no ring)
MPRegen 0.13/turn

%: no passive effects
@: marked
A: horns 2, retaliatory headbutt
a: Renounce Religion, Draw Escape, Draw Destruction, Draw Summoning, Triple Draw


You were on level 9 of the Dungeon.
You worshipped Nemelex Xobeh.
Nemelex Xobeh was most pleased with you.
You visited 2 branches of the dungeon, and saw 10 of its levels.
You also visited: Sewer.

You collected 574 gold pieces.

Inventory:

Hand Weapons
 a - a +0 war axe (weapon)
 G - a +1 hand axe of distortion
 L - a +0 giant spiked club
 T - a -1 demon whip of venom
 Y - a +0 battleaxe
Missiles
 E - 7 boomerangs (quivered)
 Z - 2 throwing nets
Armour
 b - a +0 scale mail
 c - a +0 buckler (worn)
 m - a +0 helmet
 o - a +0 chain mail
 C - a +0 ring mail
 F - a +0 plate armour (worn)
 J - a +0 pair of gloves (worn)
 R - +0 steam dragon scales
Magical Staves
 H - a staff of cold
Jewellery
 e - an amulet of guardian spirit
 p - an amulet of regeneration (around neck)
 B - an amulet of magic regeneration
 I - an amulet of the acrobat
 W - an amulet of reflection
 X - a ring of protection from cold
Wands
 D - a wand of flame (17)
 S - a wand of mindburst (7)
 V - a wand of paralysis (6)
Scrolls
 f - 2 scrolls of amnesia {unknown}
 g - 4 scrolls of magic mapping {unknown}
 h - 3 scrolls of poison {unknown}
 i - 8 scrolls of identify {unknown}
 j - 7 scrolls of noise {unknown}
 n - 2 scrolls of immolation {unknown}
 q - a scroll of acquirement {unknown}
 r - 3 scrolls of teleportation {unknown}
 w - 3 scrolls of fear {unknown}
 x - a scroll of fog {unknown}
 y - 5 scrolls of enchant armour {unknown}
 M - 2 scrolls of enchant weapon {unknown}
 N - a scroll of silence {unknown}
 Q - a scroll of blinking {unknown}
Potions
 d - 5 potions of might
 k - 3 potions of degeneration {unknown}
 l - a potion of resistance {unknown}
 s - 2 potions of brilliance {unknown}
 t - a potion of flight {unknown}
 u - 5 potions of heal wounds
 v - 7 potions of curing {unknown}
 z - 4 potions of berserk rage {unknown}
 A - 2 potions of invisibility {unknown}
 K - 3 potions of attraction {unknown}
 O - a potion of cancellation {unknown}
 P - a potion of ambrosia {unknown}
 U - 2 potions of mutation {unknown}


   Skills:
 + Level 7.5 Fighting
 * Level 13.9 Axes
 + Level 7.8 Armour
 + Level 1.4 Dodging
 + Level 0.4 Stealth
 + Level 5.2 Shields
 * Level 2.8 Spellcasting
 * Level 3.3 Conjurations
 * Level 3.2 Air Magic
 + Level 0.2 Invocations


You had 13 spell levels left.
You knew the following spells:

 Your Spells              Type           Power      Damage    Failure   Level
a - Shock                 Conj/Air       20%        1d4       83%         1

Your spell library contained the following spells:

 Spells                   Type           Power      Damage    Failure   Level
 Magic Dart               Conj           20%        1d4       83%         1
 Foxfire                  Conj/Fire      12%        2x1d4     97%         1
 Slow                     Hex            0%         N/A       99%         1
 Swiftness                Air            5%         N/A       99%         3
 Call Imp                 Summ           0%         N/A       100%        2
 Ensorcelled Hibernation  Hex/Ice        0%         N/A       100%        2
 Passwall                 Tmut/Erth      0%         N/A       100%        2
 Confusing Touch          Hex            0%         N/A       100%        3
 Mephitic Cloud           Conj/Pois/Air  4%         N/A       100%        3
 Tukima's Dance           Hex            0%         N/A       100%        3
 Vampiric Draining        Necr           0%         2d6       100%        3
 Airstrike                Air            2%         2d(1-17)  100%        4
 Leda's Liquefaction      Hex/Erth       0%         N/A       100%        4
 Passage of Golubria      Tloc           0%         N/A       100%        4
 Fireball                 Conj/Fire      1%         3d3       100%        5
 Lee's Rapid Deconstruct  Erth           0%         3d4*      100%        5
 Summon Forest            Summ/Tloc      0%         N/A       100%        5
 Summon Mana Viper        Hex/Summ       0%         N/A       100%        5
 Yara's Violent Unravell  Hex/Tmut       0%         3d3       100%        5
 Plasma Beam              Fire/Air       1%         2x1d12    100%        6
 Starburst                Conj/Fire      1%         6d3       100%        6
 Statue Form              Tmut/Erth      0%         N/A       100%        6
 Summon Cactus Giant      Summ           0%         N/A       100%        6
 Borgnjor's Revivificati  Necr           0%         N/A       100%        8
 Necromutation            Tmut/Necr      0%         N/A       100%        8
 Death's Door             Necr           0%         N/A       100%        9


Dungeon Overview and Level Annotations

Branches:
Dungeon (9/15)             Temple (1/1) D:4            Lair (0/5) D:8
  Sewer (visited)
    Orc: D:9-12

Altars:
Ashenzari
Cheibriados
Dithmenos
Elyvilon
Fedhas
Kikubaaqudgha
Makhleb
Nemelex Xobeh
Okawaru
Ru
Sif Muna
Trog
Uskayaw
Vehumet
Wu Jian
Xom
Yredelemnul
Zin

Shops:
D:9 *

Annotations:
D:9 3 runed translucent doors, sigtrap's ghost, novice DjHW


Innate Abilities, Weirdness & Mutations

You have a pair of horns on your head.
You reflexively headbutt those who attack you in melee.


Message History

You kill Harold!
Harold looks down at his mortal wounds and cries, "But... this was my last day before retirement..."
Unknown command.
You struggle against the net.
You struggle against the net.
You rip the net and break free!
v - 6 amethyst potions (gained 1)
Z - a throwing net;
v - 7 amethyst potions (gained 1)
Things that are here:
a +0 glaive; a +0 chain mail; the human corpse of Harold A bullfrog comes into view.
The bullfrog hits you but does no damage.
You slash the bullfrog! You headbutt the bullfrog.
The bullfrog is almost dead.
The bullfrog hits you but does no damage.
You slice the bullfrog!!
You kill the bullfrog!
You see here a +0 shortbow.
Z - 2 throwing nets (gained 1)
A centaur comes into view.
The centaur wields a +0 shortbow.
The centaur shoots an arrow.
The arrow hits you but does no damage.
The centaur shoots an arrow.
The arrow hits you!
The centaur shoots an arrow.
The arrow hits you.
The centaur shoots an arrow.
The arrow barely misses you.
The centaur shoots an arrow.
The arrow hits you!
You hit the centaur but do no damage. Your headbutt misses the centaur.
The centaur unwields a +0 shortbow.
You block the centaur's attack. The centaur completely misses you.
You slash the centaur! You headbutt the centaur!
You kill the centaur!
You are engulfed in blazing flames.
You are engulfed in blazing flames.
You are engulfed in blazing flames.
You are engulfed in blazing flames.
* * * LOW HITPOINT WARNING * * *
You see here a +0 shortbow.
You are engulfed in blazing flames.
You die...
Your body disappears without a glow.

........#.# #§#
..........# ##§##
)........°#########
.P.....##°○°§#8#§.
.P.....##°# #####
........#.# #§#
.P...#....# #§# #
...#####..####§####..#
#### #.......○○○@...#
#........○○○○○...#
#.##................#
#........##..##......
#.......###.## ......
#........# #.# ......
.........# #.. ....#
.........# ### #..#.


There were no monsters in sight!

Vanquished Creatures
  Harold (D:9)
  A two-headed ogre (D:9)
  Amaemon (D:8)
  An unseen horror zombie (D:9)
  A kobold demonologist (D:8)
  An orange demon (D:8)
  Prince Ribbit (D:5)
  A yak (D:8)
  A wyvern (D:9)
  A shadow (D:9)
  2 ice beasts
  A black bear (D:4)
  An orc warrior (D:8)
  2 ogres (D:6)
  2 centaurs
  2 phantoms (D:5)
  A bullfrog (D:9)
  4 scorpions
  8 wights
  A howler monkey (D:4)
  An electric eel (D:9)
  3 hounds
  2 jellies
  2 orc priests (D:8)
  A gnoll bouda (D:9)
  A sleepcap (D:6)
  2 iguanas
  Ijyb (D:3)
  3 orc wizards
  A howler monkey zombie (D:9)
  8 gnolls
  6 adders
  2 river rats
  5 worms
  3 dart slugs
  29 orcs
  7 ball pythons
  5 endoplasms
  5 giant cockroaches
  21 goblins
  15 hobgoblins
  11 jackals
  6 quokkas
  5 bats
  9 frilled lizards
  8 kobolds
  16 rats
  A plant (D:8)
213 creatures vanquished.

Vanquished Creatures (collateral kills)
  2 unseen horror zombies (D:9)
  3 yaks (D:8)
  A steam dragon (D:8)
  3 wights (D:9)
  2 howler monkeys (D:9)
  A centaur zombie (D:9)
  A howler monkey zombie (D:9)
  2 orcs (D:8)
  2 goblins (D:8)
  2 kobolds (D:8)
19 creatures vanquished.

Vanquished Creatures (others)
  A centaur zombie (D:9)
  A howler monkey zombie (D:9)
  5 plants (D:5)
  2 withered plants (D:9)
9 creatures vanquished.

Grand Total: 241 creatures vanquished

Notes
Turn   | Place    | Note
-------+----------+-------------------------------------------
     0 | D:1      | JawaBawa the Minotaur Fighter began the quest for the Orb.
     0 | D:1      | Reached XP level 1. HP: 19/19 MP: 0/0
   212 | D:1      | Reached XP level 2. HP: 27/27 MP: 1/1
   343 | D:1      | Reached skill level 3 in Axes
   988 | D:2      | Reached XP level 3. HP: 33/33 MP: 2/2
  1148 | D:2      | Reached skill level 4 in Axes
  1521 | D:2      | You fall into a shaft and drop 1 floor!
  1710 | D:3      | Reached XP level 4. HP: 24/40 MP: 3/3
  1921 | D:3      | Noticed Ijyb
  1937 | D:3      | Killed Ijyb
  1938 | D:3      | Reached skill level 5 in Axes
  2037 | D:3      | Reached XP level 5. HP: 46/46 MP: 4/4
  2385 | D:4      | Reached skill level 6 in Axes
  2433 | D:4      | Found a staircase to the Ecumenical Temple.
  2446 | Temple   | Entered the Ecumenical Temple
  2556 | Temple   | Became a worshipper of Nemelex Xobeh the Trickster
  2603 | D:4      | Noticed a black bear
  2620 | D:4      | Killed a black bear
  2621 | D:4      | Reached XP level 6. HP: 23/53 MP: 5/5
  2793 | D:4      | Found a glowing drain.
  2821 | Sewer    | Entered a sewer
  2855 | Sewer    | Reached skill level 7 in Axes
  3226 | D:4      | Reached * piety under Nemelex Xobeh
  3333 | D:5      | Entered Level 5 of the Dungeon
  3522 | D:5      | Reached XP level 7. HP: 48/60 MP: 6/6
  3540 | D:5      | Reached skill level 5 in Fighting
  3550 | D:5      | Reached skill level 8 in Axes
  3619 | D:5      | Found a hide-covered altar of Uskayaw.
  3719 | D:5      | Reached skill level 9 in Axes
  3719 | D:5      | Reached skill level 1 in Dodging
  3779 | D:5      | Noticed Prince Ribbit
  3797 | D:5      | Killed Prince Ribbit
  3798 | D:5      | Reached skill level 5 in Armour
  3798 | D:5      | Reached XP level 8. HP: 33/69 MP: 7/7
  3954 | D:5      | Received a gift from Nemelex Xobeh
  4633 | D:6      | Learned a level 1 spell: Shock
  4656 | D:6      | Reached ** piety under Nemelex Xobeh
  5073 | D:6      | Found an ancient bone altar of Kikubaaqudgha.
  5255 | D:6      | Reached skill level 1 in Air Magic
  5491 | D:7      | Reached skill level 10 in Axes
  5491 | D:7      | Reached skill level 1 in Conjurations
  5937 | D:7      | Found an iron altar of Okawaru.
  5938 | D:7      | Found a bloodstained altar of Trog.
  6272 | D:8      | Reached skill level 1 in Spellcasting
  6278 | D:8      | Reached skill level 11 in Axes
  6278 | D:8      | Reached XP level 9. HP: 69/75 MP: 9/9
  6520 | D:8      | Reached *** piety under Nemelex Xobeh
  6546 | D:8      | Noticed Amaemon
  6546 | D:8      | Noticed an orange demon
  6555 | D:8      | Killed an orange demon
  6566 | D:8      | Killed Amaemon
  6567 | D:8      | Reached skill level 12 in Axes
  6883 | D:8      | Noticed a kobold demonologist
  6900 | D:8      | Paralysed by a kobold demonologist for 3 turns
  6903 | D:8      | Killed a kobold demonologist
  6933 | D:8      | Received a gift from Nemelex Xobeh
  6948 | D:8      | Found a staircase to the Lair.
  7356 | D:9      | Reached XP level 10. HP: 81/84 MP: 12/12
  7428 | D:9      | Found Ygas's Fire Supplies.
  7513 | D:9      | Noticed a two-headed ogre
  7528 | D:9      | Killed a two-headed ogre
  7529 | D:9      | Reached skill level 13 in Axes
  7543 | D:9      | Reached skill level 5 in Shields
  7578 | D:9      | Found a runed translucent gate.
  7578 | D:9      | Found a runed translucent gate.
  7579 | D:9      | Noticed a spectral centaur warrior
  7579 | D:9      | Noticed sigtrap's ghost (novice DjHW)
  7579 | D:9      | Noticed a spectral centaur warrior
  7581 | D:9      | Found a runed translucent gate.
  7583 | D:9      | Noticed a spectral centaur warrior
  7590 | D:9      | Noticed Harold
  7598 | D:9      | Killed Harold
  7657 | D:9      | Engulfed by a cloud of flame

Illustrated notes

Levels and vault maps discovered:
D:1:      evilmike_arrival_hilbert_curve, layout_basic
D:2:      layout_basic
D:3:      cheibrodos_greedy_goblins, layout_loops_ring, uniq_ijyb
D:4:      layout_cave_pools, minmay_temple_entry_junction, portal_sewer_entry_c
D:5:      cheibrodos_iron_armory, layout_basic, mainiacjoe_overflow_boulevard,
          uniq_prince_ribbit1
D:6:      hellmonk_destroyed_diamonds, layout_loops_corners,
          overflow_temple_1_default
D:7:      layout_loops_ring, grunt_temple_overflow_bloody_war,
          palyth_stone_intersect
D:8:      corexii_shantytown, layout_loops_cross, lair_entry_dummy,
          chequers_serial_rivers_large_b, serial_bayou_pond_b, uniq_amaemon
D:9:      statuecave_lemuel, layout_cave_pools, serial_undead, serial_undead_d,
          serial_undead_f, serial_undead_f, serial_undead_f, serial_undead_b,
          serial_undead_f, serial_undead_d, gammafunk_ghost_necromancy,
          nicolae_shop_fire_sale [nicolae_sub_dead_trees],
          lemuel_flamethrower_2, uniq_harold
Temple:   compressed_dpeg_circular_temple

Skill      XL: |  1  2  3  4  5  6  7  8  9 10 |
---------------+-------------------------------+-----
Axes           | 3 4 5 6 7 9 11 12 13 | 13.9
Armour         | 4 5 6 7 |  7.8
Fighting       | 4 5 6 7 |  7.5
Shields        | 4 5 |  5.2
Dodging        | 1 |  1.4
Air Magic      | 1 2 3 |  3.2
Conjurations   | 1 2 3 |  3.3
Spellcasting   | 1 2 |  2.8
Stealth        | |  0.4
Invocations    | |  0.2

Action                     |  1- 3 |  4- 6 |  7- 9 | 10-12 || total
---------------------------+-------+-------+-------+-------++-------
  Melee: War axe           |    65 |   186 |   242 |    50 ||   543
         Headbutt          |     6 |    23 |    43 |    15 ||    87
 Invoke: Draw Summoning    |       |       |     3 |     2 ||     5
         Draw Destruction  |       |       |     4 |     3 ||     7
         Triple Draw       |       |       |       |     1 ||     1
   Stab: Distracted        |       |       |       |     1 ||     1
 Armour: Scale mail        |    29 |       |       |       ||    29
         Chain mail        |     9 |   111 |    15 |       ||   135
         Plate armour      |       |       |    80 |    58 ||   138
  Dodge: Dodged            |    35 |   104 |    59 |    35 ||   233
  Block: Buckler           |    15 |    42 |    29 |    25 ||   111
